 Dungeon Crawl Stone Soup version 0.24.0-13-gcf9b319 (webtiles) character file.

Game seed: 4129858586756484659, levelgen mode: deterministic

562 TheDoctor the Sneak (level 7, -4/43 HPs)
             Began as an Octopode Transmuter on Nov 8, 2019.
             Was a Follower of Okawaru.
             Shot with an arrow by a centaur (17 damage)
             ... on level 5 of the Dungeon.
             The game lasted 00:20:58 (6503 turns).

TheDoctor the Sneak (Octopode Transmuter)           Turns: 6503, Time: 00:20:58

Health: -4/43      AC:  1    Str:  9    XL:     7   Next: 31%
Magic:  11/12      EV: 13    Int: 18    God:    Okawaru [*.....]
Gold:   293        SH:  0    Dex: 12    Spells: 0/13 levels left

rFire    . . .     SeeInvis .     - Unarmed
rCold    . . .     Gourm    .   (no shield)
rNeg     . . .     Faith    .   (helmet restricted)
rPois    .         Spirit   .   (no amulet)
rElec    .         Reflect  .   (no ring)
rCorr    .         Harm     .   (no ring)
MR       .....                  (no ring)
Stlth    ++++......             (no ring)
HPRegen  0.14/turn              (no ring)
MPRegen  0.13/turn              (no ring)
                                (no ring)
                                (no ring)

@: lethally poisoned (-4 -> -6), appendage (expiring)
A: almost no armour, stealthy swim, amphibious, 8 rings, constrict 8, tentacle
spike 3, camouflage 1, gelatinous body 1
a: End Transformation, Heroism, Renounce Religion


You were on level 5 of the Dungeon.
You worshipped Okawaru.
Okawaru was aware of your devotion.
You were hungry.
One of your tentacles had a temporary spike.
You visited 2 branches of the dungeon, and saw 6 of its levels.
You also visited: Sewer.

You collected 293 gold pieces.

Inventory:

Missiles
 a - 108 arrows
 f - 192 stones (quivered)
 p - 18 poisoned darts
Armour
 s - a +0 shield
Wands
 k - a wand of paralysis (9)
Scrolls
 d - 4 scrolls of teleportation
 e - 2 scrolls of remove curse
 l - a scroll of fear {unknown}
 m - 2 scrolls of blinking {unknown}
 n - 3 scrolls of magic mapping {unknown}
 t - a scroll of enchant armour {unknown}
 u - a scroll of enchant weapon {unknown}
 v - a scroll of identify
Potions
 b - 2 potions of might
 g - a potion of ambrosia {unknown}
 h - a potion of haste
 i - a potion of cancellation {unknown}
 j - 2 potions of heal wounds
 o - a potion of mutation {unknown}
 q - 2 potions of flight {unknown}
 r - a potion of degeneration {unknown}
 w - 2 potions of curing {unknown}
Comestibles
 c - 6 rations


   Skills:
 - Level 1.0 Fighting
 - Level 2.0 Dodging
 - Level 5.0 Stealth
 - Level 3.0 Unarmed Combat
 - Level 3.5 Spellcasting
 + Level 0.0 Hexes
 + Level 0.0 Translocations
 - Level 5.0 Transmutations
 - Level 3.5 Poison Magic


You couldn't memorise any spells.
You knew the following spells:

 Your Spells              Type           Power        Failure   Level  Hunger
a - Beastly Appendage     Tmut           ###...       1%          1    None
b - Sticks to Snakes      Tmut           ###.....     3%          2    ##.....
c - Spider Form           Tmut/Pois      ###.......   8%          3    ###....
d - Ice Form              Ice/Tmut       ##......     47%         4    ####...
e - Blink                 Tloc           N/A          22%         2    ##.....
f - Confusing Touch       Hex            #.....       16%         1    None

Your spell library contained the following spells:

 Spells                   Type           Power        Failure   Level  Hunger
 Animate Skeleton         Necr           N/A          16%         1    None
 Apportation              Tloc           #.....       16%         1    None
 Summon Small Mammal      Summ           #...         16%         1    None
 Call Imp                 Summ           #.......     24%         2    ##.....
 Shroud of Golubria       Chrm/Tloc      #.....       24%         2    ##.....
 Gell's Gravitas          Tloc           #.........   41%         3    ###....
 Lesser Beckoning         Tloc           #.........   41%         3    ###....
 Teleport Other           Tloc           #.......     41%         3    ###....
 Call Canine Familiar     Summ           #.......     43%         3    ###....
 Summon Guardian Golem    Hex/Summ       #.......     43%         3    ###....
 Blade Hands              Tmut           ###.......   47%         5    ######.
 Passage of Golubria      Tloc           N/A          83%         4    ####...
 Summon Ice Beast         Ice/Summ       #.......     83%         4    ####...
 Summon Lightning Spire   Summ/Air       #.......     83%         4    ####...


Dungeon Overview and Level Annotations

Branches:
Dungeon (5/15)             Temple (1/1) D:4           Sewer (visited)

Altars:
Ashenzari
Dithmenos
Elyvilon
Gozag
Kikubaaqudgha
Makhleb
Nemelex Xobeh
Okawaru
Ru
Sif Muna
Trog
Uskayaw
Vehumet
Xom
Yredelemnul
Zin

Annotations:
D:2 exclusion: adder
D:3 1 runed translucent door
D:4 1 exclusion
D:5 3 runed translucent doors, fiver49's ghost, novice HaWr


Innate Abilities, Weirdness & Mutations

You cannot wear most types of armour.
You are very stealthy in the water. (Stealth+)
You are amphibious.
You can wear up to eight rings at the same time.
You can use your tentacles to constrict eight enemies at once.
Your skin changes colour to match your surroundings (Stealth+).
Your rubbery body absorbs attacks. (AC +1, EV +1)
One of your tentacles bears a large vicious spike.


Message History

Confirm with . or Enter, or press ? or * to list all spells.
Your tentacles begin to glow red.
You constrict the scorpion, but do no damage.
You feel sick. The centaur hits you.
The crimson imp hits you but does no damage.
The centaur hits you!
The scorpion escapes!
You tentacle-slap the centaur but do no damage.
The centaur appears confused.
Your tentacle spike misses the centaur.
The crimson imp barely misses you.
You feel sick. The crimson imp hits you.
The centaur laughs at nothing.
The crimson imp throws a stone.
The stone hits you.
Things that are here:
a stone; a potion of heal wounds You feel sick.
The crimson imp throws a stone.
The stone hits you but does no damage.
You see here a stone.
The centaur seems less confused.
The centaur wields a +0 shortbow.
The centaur shoots an arrow.
The arrow hits you!
You die...

#.##.# #.. #...[....
#.#..###.####.###...#
#.............# ##..#
########..#.........## ##.#
$....s....#.........#####...
...........#.....####.......
..........................##
.........((...............#
.......5.((@..............#
.....c....................##
...............<............
..........................##
..........................#
.........................<#
#####.....##.....##########
########...### ##
#.........#############.


You could see a centaur, a scorpion (confused) and a crimson imp.

Vanquished Creatures
  An ogre (D:4)
  A crocodile (Sewer)
  Blork the orc (D:5)
  A hound (D:5)
  2 orc wizards
  An orc priest (D:3)
  4 adders
  3 oozes
  3 worms
  4 dart slugs
  6 orcs
  6 giant cockroaches
  9 goblins
  7 hobgoblins
  9 jackals
  14 kobolds
  2 quokkas
  A ball python (D:1)
  13 bats
  5 frilled lizards
  9 rats
102 creatures vanquished.

Vanquished Creatures (collateral kills)
  A phantom (D:4)
  An adder skeleton (D:5)
2 creatures vanquished.

Vanquished Creatures (others)
  7 fungi (D:4)
  8 toadstools (D:4)
15 creatures vanquished.

Grand Total: 119 creatures vanquished

Notes
Turn   | Place    | Note
-------+----------+-------------------------------------------
     0 | D:1      | TheDoctor the Octopode Transmuter began the quest for the
                  | Orb.
     0 | D:1      | Reached XP level 1. HP: 13/13 MP: 3/3
     5 | D:1      | You fall into a shaft and drop 1 floor!
   126 | D:1      | Reached skill level 1 in Stealth
   263 | D:1      | Reached XP level 2. HP: 15/18 MP: 3/5
   594 | D:1      | Learned a level 2 spell: Sticks to Snakes
   766 | D:1      | Reached XP level 3. HP: 23/23 MP: 4/6
   829 | D:1      | Found a sparkling altar of Nemelex Xobeh.
  1890 | D:2      | Learned a level 3 spell: Spider Form
  2073 | D:2      | Reached skill level 5 in Stealth
  2142 | D:2      | Reached XP level 4. HP: 28/28 MP: 7/7
  2536 | D:3      | Found an iron altar of Okawaru.
  2538 | D:3      | Reached skill level 1 in Poison Magic
  2605 | D:3      | Became a worshipper of Warmaster Okawaru
  2694 | D:3      | Found a white marble altar of Elyvilon.
  2694 | D:3      | Found a runed translucent door.
  2694 | D:3      | Noticed an angel
  3053 | D:3      | Found a glowing drain.
  3065 | Sewer    | Entered a sewer
  3256 | Sewer    | Noticed a crocodile
  3274 | Sewer    | Killed a crocodile
  3274 | Sewer    | Reached XP level 5. HP: 13/33 MP: 2/8
  3670 | D:3      | You fall into a shaft and drop 2 floors!
  3670 | D:5      | Entered Level 5 of the Dungeon
  3734 | D:5      | Noticed Blork the orc
  3753 | D:5      | Killed Blork the orc
  3753 | D:5      | Reached XP level 6. HP: 33/38 MP: 4/9
  4126 | D:4      | Found a glowing silver altar of Zin.
  4365 | D:3      | Found a basalt altar of Yredelemnul.
  4989 | D:4      | Noticed a phantom
  5126 | D:4      | Killed a phantom
  5126 | D:4      | Reached * piety under Okawaru
  5437 | D:4      | Reached XP level 7. HP: 34/43 MP: 8/11
  5594 | D:4      | Found a white marble altar of Elyvilon.
  6060 | D:4      | Learned a level 4 spell: Ice Form
  6063 | D:4      | Learned a level 2 spell: Blink
  6140 | D:4      | Found a staircase to the Ecumenical Temple.
  6168 | D:4      | Reached skill level 5 in Transmutations
  6254 | Temple   | Entered the Ecumenical Temple
  6410 | D:4      | Learned a level 1 spell: Confusing Touch
  6446 | D:5      | Found a runed translucent gate.
  6446 | D:5      | Found a runed translucent gate.
  6447 | D:5      | Found a runed translucent gate.
  6447 | D:5      | Found an opulent altar of Gozag.
  6448 | D:5      | Noticed a troll
  6449 | D:5      | Noticed fiver49's ghost (novice HaWr)
  6503 | D:5      | Shot with an arrow by a centaur

Levels and vault maps discovered:
D:1:      kilobyte_arrival_exit_the_forest, layout_loops_ring,
          nemelex_xobeh_ov_fountains_minmay
D:2:      layout_basic
D:3:      layout_rooms, kennysheep_okawaru_gauntlet,
          lemuel_coloured_pillars_altar, gup_sewer_entry_bubbles,
          grunt_ministairs_2, serial_bayou_lagoon_a, minmay_crystal_water,
          lemuel_angel_altar
D:4:      cheibrodos_fertilizer, layout_basic, elyvilon_altar_1, zin_statuary,
          minmay_temple_entry_offerings, first_ration
D:5:      layout_rooms, ebering_ghost_gozag, uniq_blork_the_orc
Temple:   chequers_temple_sunken

Skill      XL: |  1  2  3  4  5  6  7 |
---------------+----------------------+-----
Stealth        | 2 3 5 |  5.0
Poison Magic   | 2 3 |  3.5
Transmutations | 3 4 5 |  5.0
Spellcasting   | 3 |  3.5
Fighting       | |  1.0
Dodging        | |  2.0
Unarmed Combat | |  3.0

Action                   |  1- 3 |  4- 6 |  7- 9 || total
-------------------------+-------+-------+-------++-------
Melee: Unarmed           |    94 |   134 |    45 ||   273
       Constrict         |    24 |    22 |    10 ||    56
       Kick              |     4 |     4 |     4 ||    12
       Tentacles         |    11 |    13 |     6 ||    30
       Punch             |     2 |       |     1 ||     3
Throw: Stone             |     8 |    17 |       ||    25
       Dart              |       |     2 |       ||     2
 Cast: Beastly Appendage |     9 |     7 |     4 ||    20
       Spider Form       |     1 |     8 |     1 ||    10
       Sticks to Snakes  |       |     9 |     2 ||    11
       Confusing Touch   |       |       |     2 ||     2
  Use: Scroll            |       |     4 |       ||     4
       Potion            |       |     2 |     2 ||     4
 Stab: Sleeping          |     9 |    13 |     2 ||    24
  Eat: Chunk             |     4 |     7 |     1 ||    12
       Ration            |       |     1 |     1 ||     2
Armor: Skin              |    10 |     6 |     3 ||    19
Dodge: Dodged            |    66 |    68 |    36 ||   170
